 Dungeon Crawl Stone Soup version 0.17.0-22-g5edae84 (webtiles) character file.

73 Barrydekale the Magician (level 4, -1/24 HPs)
             Began as a Deep Elf Wizard on Nov 12, 2015.
             Slain by a gnoll
             ... wielding a +0 hand axe
              (9 damage)
             ... on level 2 of the Dungeon.
             The game lasted 00:04:58 (1324 turns).

Barrydekale the Magician (Deep Elf Wizard)          Turns: 1324, Time: 00:04:58

Health: -1/24      AC:  2    Str:  5    XL:     4   Next: 8%
Magic:  3/14       EV:  6    Int: 25    God:
Gold:   36         SH:  0    Dex: 13    Spells: 5 memorised, 4 levels left

rFire  . . .     SeeInvis .     f - +1 whip (elec)
rCold  . . .     Clarity  .     a - +0 robe
rNeg   . . .     SustAt   .     (no shield)
rPois  .         Gourm    .     b - +0 hat
rElec  .         Spirit   .     (no cloak)
rCorr  .         Warding  .     (no gloves)
rMut   .         Stasis   .     (no boots)
MR     .....                    (no amulet)
Stlth  ++........               (no ring)
                                i - +2 ring of intelligence

@: held, not resistant to hostile enchantments, unstealthy
A: no striking features
a: no special abilities


You were on level 2 of the Dungeon.
You were very hungry.

You visited 1 branch of the dungeon, and saw 2 of its levels.

You collected 36 gold pieces.

Inventory:

Hand Weapons
 f - a +1 whip of electrocution (weapon)
Missiles
 g - 31 stones (quivered)
Armour
 a - a +0 robe (worn)
 b - a +0 hat (worn)
Jewellery
 i - a +2 ring of intelligence (left hand)
Scrolls
 e - a scroll of identify {unknown}
 h - a scroll of recharging {unknown}
 j - a scroll of fog {unknown}
 k - a scroll of amnesia {unknown}
Potions
 l - a potion of lignification {unknown}
 n - a potion of curing {unknown}
 o - a potion of heal wounds {unknown}
Books
 c - a book of Minor Magic

   Spells                             Type                      Level
   a - Magic Dart                     Conjuration                  1
   b - Blink                          Translocation                2
   c - Call Imp                       Summoning                    2
   d - Repel Missiles                 Charms/Air                   2
   e - Slow                           Hexes                        2
   f - Conjure Flame                  Conjuration/Fire             3
   g - Mephitic Cloud                 Conjuration/Poison/Air       3
Comestibles
 d - 2 bread rations
 m - a slice of pizza


   Skills:
 - Level 2.4 Dodging
 - Level 2.4 Stealth
 - Level 6.0 Spellcasting
 * Level 2.1 Conjurations
 * Level 1.4 Summonings
 * Level 1.2 Translocations
 * Level 0.4 Air Magic
 * Level 0.2 Poison Magic


You had 4 spell levels left.
You knew the following spells:

 Your Spells              Type           Power        Failure   Level  Hunger
a - Magic Dart            Conj           ###.         3%          1    None
b - Blink                 Tloc           N/A          10%         2    None
c - Call Imp              Summ           ##......     10%         2    None
d - Mephitic Cloud        Conj/Pois/Air  ##......     17%         3    None
e - Conjure Flame         Conj/Fire      ##......     14%         3    None


Dungeon Overview and Level Annotations

Branches:
Dungeon (2/15)

Altars:

Annotations:
D:2 Ijyb


Message History

You have reached level 4!
You feel clever. The gnoll hits you with a hand axe.
Casting: Magic Dart
Confirm with . or Enter, or press ? or * to list all spells.
Aiming: Magic Dart
Press: ? - help, Shift-Dir - straight line, f - gnoll
Aim: a gnoll, wielding a hand axe The magic dart hits the gnoll.
The gnoll is heavily wounded.
The gnoll hits you with a hand axe!
Casting: Magic Dart
Confirm with . or Enter, or press ? or * to list all spells.
Aiming: Magic Dart
Press: ? - help, Shift-Dir - straight line, f/p - gnoll
Aim: a gnoll, wielding a hand axe (heavily wounded)
The magic dart hits the gnoll.
The gnoll is severely wounded.
The gnoll hits you with a hand axe!
You die...

##. #### ... ... ##..# #'#
#..###.... # #.# #......... ..
#####.##### #.###..... ..g
#...'.'...# #.###..... ....
#.###.###.# #.....<... .....
#.# #.# #.# #.####)...
......###'###@###'###.# ##..#
......'...†.g)......'.####..##
......###'###.###'###.##...##
.###. #.# #.# #.# #....### #
#.###.###.# #.##†..#
#...+.'...# #.##.#.##.
#####.##### #.##.#..#. #.#
#.........
#######'#######..<.##.#.


You could see a gnoll.

Vanquished Creatures
  2 gnolls
  3 adders
  An ooze (D:1)
  6 bats (D:1)
  A hobgoblin (D:2)
  3 kobolds (D:1)
  A quokka (D:2)
  2 giant cockroaches (D:2)
  2 giant newts (D:1)
  2 goblins (D:1)
  4 rats
27 creatures vanquished.

Notes
Turn   | Place    | Note
--------------------------------------------------------------
     0 | D:1      | Barrydekale the Deep Elf Wizard began the quest for the Orb.
     0 | D:1      | Reached XP level 1. HP: 10/10 MP: 7/7
   311 | D:1      | Reached skill level 5 in Spellcasting
   311 | D:1      | Reached XP level 2. HP: 15/15 MP: 5/10
   323 | D:1      | Learned a level 2 spell: Blink
   326 | D:1      | Learned a level 2 spell: Call Imp
   667 | D:1      | Reached XP level 3. HP: 19/19 MP: 9/12
  1101 | D:2      | Noticed Ijyb
  1187 | D:2      | Reached skill level 6 in Spellcasting
  1192 | D:2      | Learned a level 3 spell: Mephitic Cloud
  1196 | D:2      | Learned a level 3 spell: Conjure Flame
  1322 | D:2      | Reached XP level 4. HP: 24/24 MP: 4/14
  1324 | D:2      | Slain by a gnoll

Action                   |  1- 3 |  4- 6 || total
-------------------------+-------+-------++-------
Melee: Whip              |    32 |       ||    32
 Cast: Magic Dart        |    65 |     3 ||    68
